 Dungeon Crawl Stone Soup version 0.23.2-40-g277498a001 (webtiles) character file.

Game seed: 13236335662703129264

161435 poirepoire the Hoplite (level 17, -2/152 HPs)
             Began as a Minotaur Fighter on Oct 8, 2019.
             Was the Champion of Okawaru.
             Slain by a +1 long sword of electrocution (12 damage)
             ... on level 2 of the Elven Halls.
             The game lasted 00:47:58 (36269 turns).

poirepoire the Hoplite (Minotaur Fighter)          Turns: 36269, Time: 00:47:58

Health: -2/152     AC: 21    Str: 24    XL:     17   Next: 20%
Magic:  24/24      EV: 14    Int:  5    God:    Okawaru [******]
Gold:   2416       SH: 21    Dex: 22    Spells: 15/16 levels left

rFire    + . .     SeeInvis +   a - +5 war axe (venom)
rCold    + . .     Gourm    .   c - +3 shield
rNeg     + . .     Faith    .   I - +3 plate armour {rC+}
rPois    .         Spirit   .   H - +0 hat of Marbles {rF+}
rElec    +         Reflect  .   Q - +0 cloak of the Equator {rN+}
rCorr    +         Harm     .   r - +0 pair of gloves of Sin {Dex+3}
MR       +....                  s - +1 pair of boots
Stlth    ..........             N - amulet of regeneration
HPRegen  0.75/turn              U - ring "Soesajuq" {rElec Str+2 Dex+3 SInv}
MPRegen  0.19/turn              J - ring of resist corrosion

@: very slightly contaminated, lightly drained, invisible
A: retaliatory headbutt, horns 2
a: Heroism, Finesse, Renounce Religion


You were on level 2 of the Elven Halls.
You worshipped Okawaru.
Okawaru was exalted by your worship.
You were full.

You visited 5 branches of the dungeon, and saw 26 of its levels.
You also visited: Sewer, Ice Cave and Wizlab.

You collected 2616 gold pieces.
You spent 200 gold pieces at shops.

Inventory:

Hand Weapons
 a - a +5 war axe of venom (weapon)
 b - a +2 flail of protection
 R - a +3 hand crossbow of freezing
Missiles
 h - 40 tomahawks (quivered)
 m - 14 javelins
 u - 209 bolts
 D - 4 throwing nets
Armour
 c - a +3 shield (worn)
 i - a +2 pair of boots of flying
 r - the +0 pair of gloves of Sin (worn) {Dex+3}
   (Okawaru gifted it to you on level 13 of the Dungeon)

   It affects your dexterity (+3).
 s - a +1 pair of boots (worn)
 H - the +0 hat of Marbles (worn) {rF+}
   (Okawaru gifted it to you on level 2 of the Orcish Mines)

   It protects you from fire.
 I - a +3 plate armour of cold resistance (worn)
 M - a scarf of repulsion
 Q - the +0 cloak of the Equator (worn) {rN+}
   (You found it on level 3 of the Lair of Beasts)

   It protects you from negative energy.
Jewellery
 j - an uncursed ring of protection from cold {unknown}
 k - an uncursed ring of flight {unknown}
 p - an uncursed ring of protection from fire
 z - the ring of Pragmatism {rCorr -Tele +Fly rC+++ Stlth+}
   (You found it on level 6 of the Dungeon)

   [ring of resist corrosion]

   It renders you almost immune to cold.
   It lets you fly.
   It prevents most forms of teleportation.
   It makes you more stealthy.
 C - an uncursed ring of poison resistance
 J - a ring of resist corrosion (right hand)
 L - an uncursed ring of fire
 N - an amulet of regeneration (around neck)
 O - a +4 ring of slaying
 U - the ring "Soesajuq" (left hand) {rElec Str+2 Dex+3 SInv}
   (You found it on level 6 of the Lair of Beasts)

   [ring of strength]

   It affects your strength (+2).
   It affects your dexterity (+3).
   It insulates you from electricity.
   It lets you see invisible.
Wands
 e - a wand of flame (19)
 t - a wand of random effects (62)
 v - a wand of enslavement (7)
 x - a wand of polymorph (36)
 A - a wand of iceblast (4)
Scrolls
 l - 10 scrolls of remove curse
 n - 6 scrolls of magic mapping
 S - a scroll of holy word
 Z - a scroll of fog
Potions
 g - 6 potions of flight
 q - 4 potions of magic
 w - a potion of cancellation
 G - a potion of agility
 K - a potion of invisibility
 P - 3 potions of lignification
Miscellaneous
 y - a phantom mirror
 E - a lightning rod (4/4)
 F - a lamp of fire (inert)
Comestibles
 f - 16 rations


   Skills:
 - Level 14.1(14.0) Fighting
 - Level 16.2(16.1) Axes
 - Level 8.0(7.9) Armour
 - Level 10.1(10.0) Dodging
 + Level 21.9(21.7) Shields
 - Level 11.4(11.3) Invocations
 - Level 5.0(4.9) Evocations


You had 15 spell levels left.
You knew the following spells:

 Your Spells              Type           Power        Failure   Level  Hunger
a - Apportation           Tloc           #.....       100%        1    ##.....

Your spell library contained the following spells:

 Spells                   Type           Power        Failure   Level  Hunger
 Confusing Touch          Hex            #.....       100%        1    ##.....
 Magic Dart               Conj           #...         100%        1    ##.....
 Summon Butterflies       Summ           #.......     100%        1    ##.....
 Blink                    Tloc           N/A          100%        2    ###....
 Call Imp                 Summ           #.......     100%        2    ###....
 Shroud of Golubria       Chrm/Tloc      #.........   100%        2    ###....
 Slow                     Hex            #.......     100%        2    ###....
 Confuse                  Hex            #.......     100%        3    ####...
 Conjure Flame            Conj/Fire      #.......     100%        3    ####...
 Gell's Gravitas          Tloc           #.........   100%        3    ####...
 Lesser Beckoning         Tloc           #.........   100%        3    ####...
 Mephitic Cloud           Conj/Pois/Air  #.......     100%        3    ####...
 Recall                   Summ/Tloc      N/A          100%        3    ####...
 Tukima's Dance           Hex            #.......     100%        3    ####...
 Force Lance              Conj/Tloc      #.......     100%        4    #####..
 Passage of Golubria      Tloc           N/A          100%        4    #####..
 Petrify                  Tmut/Erth      #.......     100%        4    #####..
 Alistair's Intoxication  Tmut/Pois      #.......     100%        5    ######.
 Metabolic Englaciation   Hex/Ice        #.........   100%        5    ######.
 Summon Forest            Summ/Tloc      #.........   100%        5    ######.
 Yara's Violent Unravell  Hex/Tmut       #.........   100%        5    ######.
 Dispersal                Tloc           #.........   100%        6    #######
 Invisibility             Hex            #.......     100%        6    #######


Dungeon Overview and Level Annotations

Branches:
Dungeon (15/15)            Temple (1/1) D:5            Lair (6/6) D:10
 Shoals (0/4) Lair:4       Spider (0/4) Lair:2        Slime (0/5) Lair:6
    Orc (2/2) D:9             Elf (2/3) Orc:2        Vaults (0/5) D:13
 Depths (0/5) D:15

Altars:
Ashenzari
Cheibriados
Dithmenos
Elyvilon
Fedhas
Gozag
Hepliaklqana
Kikubaaqudgha
Makhleb
Nemelex Xobeh
Okawaru
Qazlal
Ru
Sif Muna
Trog
Uskayaw
Vehumet
Wu Jian
Xom
Yredelemnul
Zin
The Shining One
Jiyva

Shops:
D:8 [::%   D:10 :   D:11 :   Orc:2 %[?}   Elf:1 ==[}

Portals:
Pandemonium: Orc:2

Annotations:
D:10 1 runed translucent door, exclusion: 4 orange crystal statues


Innate Abilities, Weirdness & Mutations

You reflexively headbutt those who attack you in melee.
You have a pair of horns on your head.


Message History

You feel sick.
Things that are here:
a +0 long sword; a +2 vampiric war axe You feel yourself slow down.
You feel sick.
The +1 long sword of electrocution hits you!
* * * LOW HITPOINT WARNING * * *
There is an open door here.
You block the +1 long sword of electrocution's attack.
Things that are here:
a cursed -1 short sword; a +0 long sword You feel sick.
You block the +1 long sword of electrocution's attack.
There is an open door here.
You block the +1 long sword of electrocution's attack.
There is an open door here.
You feel sick.
You are no longer poisoned.
The +1 long sword of electrocution hits you!
You die...

#.......'...'.......# ##.≈≈......
#.......#####.......# #...⌠≈(....
##..)..## ##.....## #))≈≈......
##...#'## ##..)#'###[).....(.#
##'###.## ##'###(...#####+### #.#
##.## #.# ##.### #.# #.# ##.##
#.# ##.## #.# #.# ##.####(##
##.## #.# ###'### ##'...@.##
##.####.### #.<..)#
##.......#####.#.##.##.
##.≈<..####.........#....#...+###
..≈≈≈)...#.........<.##...#......
.≈≈#≈≈...#..........#..##.#......
≈≈###≈≈..'..........#......##....
≈##.##≈≈.#.......#...#..##..)##..
≈#...#≈..#........#..#....##.....
≈#.∩.'...##.......#.........#.##.


You could see a +1 long sword of electrocution.

Vanquished Creatures
  Nikola (Elf:1)
  2 acid blobs (Lair:6)
  An eldritch tentacle (WizLab)
  3 tentacled starspawn (WizLab)
  An orc warlord (D:9)
  A draconian shifter (WizLab)
  2 dire elephants
  Snorg (D:14)
  5 hydras
  Harold (D:9)
  Erolcha (D:13)
  An ice dragon (Lair:4)
  A rakshasa (D:15)
  An ogre mage (D:15)
  A catoblepas (D:15)
  3 centaur warriors (D:13)
  11 two-headed ogres
  18 dancing weapons
  5 death yaks
  A thrashing horror (WizLab)
  2 tengu warriors
  12 deep elf knights
  4 orc high priests (Orc:2)
  Nergalle (Lair:3)
  A sun demon (WizLab)
  4 skeletal warriors
  A shadow wraith (WizLab)
  A gelid demonspawn (Orc:2)
  An obsidian statue (WizLab)
  6 deep elf archers
  4 unseen horrors
  A glowing orange brain (WizLab)
  2 infernal demonspawn (Orc:2)
  Pikel (D:9)
  A torturous demonspawn (Orc:2)
  3 ugly things
  40 deep elf magi
  8 orc sorcerers
  An anaconda skeleton (WizLab)
  4 orc knights (Orc:2)
  4 cyclopes
  2 oklob plants
  4 wolf spiders
  A salamander (D:15)
  3 worldbinders (WizLab)
  2 manticores (D:15)
  2 rust devils (Orc:2)
  6 elephants (Lair:6)
  7 black mambas (Lair:6)
  3 ice statues (IceCv)
  2 molten gargoyles (Lair:5)
  2 guardian serpents
  11 spiny frogs
  2 orange demons (Orc:2)
  A gargoyle (D:11)
  A torpor snail (Lair:2)
  7 komodo dragons
  3 rime drakes
  A yaktaur (D:15)
  3 ice devils
  2 hellwings (WizLab)
  A freezing wraith (WizLab)
  A troll (shapeshifter) (D:13)
  5 trolls
  11 polar bears
  A jumping spider (shapeshifter) (D:13)
  12 blink frogs
  Prince Ribbit (D:7)
  2 hornets (Lair:6)
  2 raiju (Lair:6)
  2 slime creatures (D:15)
  A harpy skeleton (D:15)
  A snapping turtle (Lair:4)
  2 small abominations (WizLab)
  8 hippogriffs
  A dream sheep (Lair:6)
  2 meliai zombies
  4 wraiths
  8 spriggans (Lair:1)
  4 water elementals
  A shadow (D:11)
  2 air elementals (Elf:1)
  4 redbacks
  4 vampires
  12 wyverns
  17 yaks
  2 basilisks
  2 fire elementals (Elf:1)
  A steam dragon (D:10)
  9 vampire mosquitoes
  2 hungry ghosts
  A chaos spawn (Orc:2)
  An acid dragon (shapeshifter) (Elf:1)
  3 spatial vortices (WizLab)
  10 wargs
  An insubstantial wisp (WizLab)
  9 porcupines
  A swamp drake (D:9)
  An acid dragon (D:11)
  21 water moccasins
  13 hell hounds (Lair:6)
  27 orc warriors
  An eye of draining (D:13)
  2 sky beasts
  7 ice beasts
  3 slaves (D:9)
  A black bear (shapeshifter) (D:14)
  A necrophage (D:9)
  A phantom (D:14)
  16 black bears
  A boggart (D:13)
  12 ogres
  13 wolves (Lair:6)
  17 centaurs
  9 crocodiles
  5 big kobolds
  13 bullfrogs
  3 wyvern zombies
  5 earth elementals
  4 scorpions
  4 killer bees (D:5)
  9 wights
  A howler monkey (D:13)
  3 electric eels
  5 lava snakes (Lair:5)
  3 bullfrog zombies
  4 centaur zombies
  6 crimson imps
  A bullfrog skeleton (D:4)
  A quasit (D:11)
  5 hounds
  5 jellies
  11 centaur skeletons
  25 orc priests
  16 orc wizards
  Jessica (D:3)
  5 iguanas
  Natasha (twice) (D:4)
  18 worker ants
  A hound zombie (D:7)
  13 adders
  A worker ant zombie (D:5)
  4 river rats
  A shadow imp (D:14)
  3 white imps (Lair:4)
  An ooze (D:6)
  An adder zombie (D:9)
  3 worms
  2 dart slugs
  6 leopard geckos
  90 orcs
  6 ball pythons
  9 bats
  6 giant cockroaches
  5 hobgoblins
  8 jackals
  4 quokkas
  11 frilled lizards
  5 goblins
  A jackal zombie (D:6)
  22 kobolds
  A leopard gecko zombie (D:6)
  A quokka zombie (D:5)
  16 rats
  12 fungi
  17 plants
  2 starspawn tentacles (WizLab)
932 creatures vanquished.

Vanquished Creatures (collateral kills)
  4 oklob plants (Lair:3)
  2 plants (Lair:3)
6 creatures vanquished.

Vanquished Creatures (others)
  An ogre mage (D:13)
  2 deep elf knights (Elf:2)
  An orc priest (Orc:2)
  19 fungi (D:10)
  11 plants
  6 starspawn tentacles (WizLab)
40 creatures vanquished.

Grand Total: 978 creatures vanquished

Notes
Turn   | Place    | Note
-------+----------+-------------------------------------------
     0 | D:1      | poirepoire the Minotaur Fighter began the quest for the
                  | Orb.
     0 | D:1      | Reached XP level 1. HP: 19/19 MP: 0/0
   119 | D:1      | Reached XP level 2. HP: 26/26 MP: 1/1
   533 | D:2      | Reached XP level 3. HP: 24/31 MP: 2/2
   900 | D:2      | Reached skill level 5 in Axes
   929 | D:2      | Reached XP level 4. HP: 32/39 MP: 3/3
  1239 | D:3      | Noticed Jessica
  1246 | D:3      | Killed Jessica
  1374 | D:3      | Reached XP level 5. HP: 35/45 MP: 4/4
  2260 | D:4      | Reached XP level 6. HP: 42/51 MP: 5/5
  2554 | D:4      | Noticed Natasha
  2558 | D:4      | Killed Natasha
  2638 | D:4      | Noticed Natasha
  2644 | D:4      | Killed Natasha
  2733 | D:5      | Entered Level 5 of the Dungeon
  2807 | D:5      | Found a glowing drain.
  2814 | Sewer    | Entered a sewer
  3639 | D:5      | Reached XP level 7. HP: 49/59 MP: 6/6
  3644 | D:5      | Reached skill level 5 in Fighting
  3795 | D:5      | Found a staircase to the Ecumenical Temple.
  4369 | D:6      | Got a warped iron ring
  4623 | D:6      | Reached XP level 8. HP: 72/74 MP: 7/7
  4800 | D:6      | Reached skill level 4 in Shields
  4829 | D:6      | Reached skill level 5 in Shields
  5123 | Temple   | Entered the Ecumenical Temple
  5173 | Temple   | Became a worshipper of Warmaster Okawaru
  5436 | D:6      | Identified the ring of Pragmatism {rCorr -Tele +Fly rC+++
                  | Stlth+} (You found it on level 6 of the Dungeon)
  5509 | D:7      | Reached skill level 6 in Shields
  5927 | D:7      | Noticed Prince Ribbit
  5938 | D:7      | Killed Prince Ribbit
  5938 | D:7      | Reached skill level 7 in Shields
  6010 | D:7      | Reached skill level 8 in Shields
  6023 | D:7      | Reached * piety under Okawaru
  6023 | D:7      | Reached skill level 9 in Shields
  6023 | D:7      | Reached XP level 9. HP: 42/81 MP: 8/8
  6328 | D:7      | Reached skill level 10 in Shields
  6670 | D:8      | Noticed a two-headed ogre
  6977 | D:8      | Found Buschouq's Food Emporium.
  6980 | D:8      | Bought a ration for 70 gold pieces
  6980 | D:8      | Bought a ration for 70 gold pieces
  7140 | D:8      | Found Jenweot's Antique Armour Shop.
  7306 | D:8      | Found Das Xuom's Book Shop.
  7370 | D:8      | Noticed a two-headed ogre
  7380 | D:8      | Killed a two-headed ogre
  7380 | D:8      | Reached ** piety under Okawaru
  7380 | D:8      | Reached skill level 12 in Shields
  7892 | D:8      | Found Kulock's Book Emporium.
  7996 | D:9      | Reached skill level 5 in Armour
  8204 | D:9      | Reached XP level 10. HP: 29/88 MP: 9/9
  8875 | D:9      | Noticed Harold
  9353 | D:9      | Reached *** piety under Okawaru
  9353 | D:9      | Reached skill level 1 in Dodging
  9460 | D:8      | Killed a two-headed ogre
  9657 | D:9      | Killed Harold
  9657 | D:9      | Reached **** piety under Okawaru
  9905 | D:9      | Found a shattered altar of Ashenzari.
  9905 | D:9      | Noticed Pikel
 10159 | D:9      | Killed Pikel
 10413 | D:9      | Found a staircase to the Orcish Mines.
 10540 | D:10     | Entered Level 10 of the Dungeon
 10590 | D:10     | Found a staircase to the Lair.
 10693 | D:10     | Reached ***** piety under Okawaru
 10693 | D:10     | Reached XP level 11. HP: 74/94 MP: 10/10
 11610 | D:10     | Found a runed translucent door.
 11619 | D:10     | Found the +10 large shield of Ignorance {rN+ Int-4}
 11624 | D:10     | Found a runed translucent door.
 11661 | D:10     | Noticed a tengu warrior
 11692 | D:10     | Killed a tengu warrior
 11692 | D:10     | Reached skill level 10 in Dodging
 11934 | D:10     | Noticed an orange crystal statue
 11934 | D:10     | Noticed an orange crystal statue
 11934 | D:10     | Noticed an orange crystal statue
 11934 | D:10     | Noticed an orange crystal statue
 12098 | D:10     | Found Xatid's Book Emporium.
 12401 | D:10     | Killed an unseen horror
 12401 | D:10     | Reached skill level 10 in Axes
 12562 | D:11     | Received a gift from Okawaru
 12676 | D:11     | Noticed a purple ugly thing
 12685 | D:11     | Killed a purple ugly thing
 13027 | D:11     | You fall through a shaft for 3 floors!
 13818 | D:14     | Found an opulent altar of Gozag.
 13939 | D:14     | Noticed a skeletal warrior
 13958 | D:14     | Noticed a skeletal warrior
 13973 | D:13     | Noticed a centaur warrior
 13973 | D:13     | Noticed a centaur warrior
 13986 | D:14     | Noticed a skeletal warrior
 14002 | D:14     | Noticed a skeletal warrior
 14292 | D:14     | Noticed a two-headed ogre
 14302 | D:14     | Killed a two-headed ogre
 14302 | D:14     | Reached XP level 12. HP: 73/101 MP: 11/11
 14597 | D:14     | Noticed a two-headed ogre
 14605 | D:14     | Killed a two-headed ogre
 14837 | D:13     | Received a gift from Okawaru
 14840 | D:13     | Got a pair of twisted gloves {god gift}
 14846 | D:13     | Identified the +0 pair of gloves of Sin {Dex+3} (Okawaru
                  | gifted it to you on level 13 of the Dungeon)
 14905 | D:13     | Noticed Erolcha
 14911 | D:13     | Noticed a two-headed ogre
 14916 | D:13     | Killed Erolcha
 14935 | D:13     | Killed a two-headed ogre
 14935 | D:13     | Reached skill level 15 in Axes
 14957 | D:13     | Killed a centaur warrior
 14962 | D:13     | Noticed a four-headed hydra
 15148 | D:13     | Noticed a centaur warrior
 15150 | D:13     | Noticed an ogre mage
 15158 | D:13     | Noticed a two-headed ogre
 15169 | D:13     | Killed an ogre mage
 15182 | D:13     | Killed a two-headed ogre
 15204 | D:13     | Killed a centaur warrior
 15214 | D:13     | Noticed a centaur warrior
 15235 | D:13     | Noticed a two-headed ogre
 15243 | D:13     | Killed a two-headed ogre
 15256 | D:13     | Reached ****** piety under Okawaru
 15542 | D:13     | Killed a centaur warrior
 15557 | D:13     | Reached skill level 10 in Fighting
 15923 | D:12     | Noticed a two-headed ogre
 15933 | D:12     | Killed a two-headed ogre
 15933 | D:12     | Received a gift from Okawaru
 15989 | D:12     | Reached XP level 13. HP: 114/114 MP: 12/12
 16849 | D:11     | Found Iqiahur's Book Emporium.
 17704 | D:13     | Found a gate to the Vaults.
 17903 | D:14     | Noticed Snorg
 17917 | D:14     | Killed Snorg
 18888 | D:14     | Received a gift from Okawaru
 18923 | D:15     | Entered Level 15 of the Dungeon
 19162 | D:15     | Received a gift from Okawaru
 20140 | D:15     | Reached skill level 13 in Shields
 20679 | D:15     | Noticed a dire elephant
 20700 | D:15     | Killed a dire elephant
 20700 | D:15     | Reached skill level 14 in Shields
 20809 | D:15     | Found a staircase to the Depths.
 21220 | D:14     | Reached XP level 14. HP: 125/132 MP: 13/13
 21335 | Lair:1   | Entered Level 1 of the Lair of Beasts
 21855 | D:11     | Got a crude hand axe
 21858 | D:11     | Identified the cursed +1 hand axe of an ice cave {chop, rC-
                  | Str+9} (You found it on level 11 of the Dungeon)
 22206 | Lair:2   | Reached skill level 15 in Shields
 22269 | Lair:2   | Received a gift from Okawaru
 22967 | Lair:2   | Found a hole to the Spider Nest.
 23481 | Lair:3   | Reached skill level 16 in Shields
 23628 | Lair:3   | Got an encrusted cloak
 23634 | Lair:3   | Identified the cursed +0 cloak of the Equator {rN+} (You
                  | found it on level 3 of the Lair of Beasts)
 23682 | Lair:3   | Noticed Nergalle
 23713 | Lair:3   | Killed Nergalle
 24885 | Lair:4   | Received a gift from Okawaru
 24885 | Lair:4   | Reached skill level 17 in Shields
 25042 | Lair:4   | Got a smoking cloak {god gift}
 25053 | Lair:4   | Identified the +3 cloak "Geposo" {+Fly Int-3 Stlth+}
                  | (Okawaru gifted it to you on level 4 of the Lair of Beasts)
 25507 | Lair:4   | Found a staircase to the Shoals.
 25774 | Lair:5   | You fall through a shaft!
 25774 | Lair:6   | Entered Level 6 of the Lair of Beasts
 25774 | Lair:6   | Found a runed translucent door.
 26054 | Lair:5   | Found a frozen archway.
 26062 | Lair:5   | Reached skill level 18 in Shields
 26077 | IceCv    | Entered an ice cave
 26903 | Lair:6   | Reached XP level 15. HP: 126/138 MP: 14/14
 26906 | Lair:6   | Reached skill level 1 in Invocations
 27081 | Lair:6   | Got a glittering amber ring
 27083 | Lair:6   | Identified the ring "Soesajuq" {rElec Str+2 Dex+3 SInv}
                  | (You found it on level 6 of the Lair of Beasts)
 27336 | Lair:6   | Reached skill level 5 in Invocations
 27413 | Lair:6   | Received a gift from Okawaru
 28035 | Lair:6   | Found a blossoming altar of Fedhas.
 28111 | Lair:6   | Found a viscous altar of Jiyva.
 28111 | Lair:6   | Noticed an acid blob
 28112 | Lair:6   | Found a staircase to the Slime Pits.
 28113 | Lair:6   | Noticed an acid blob
 28533 | Lair:6   | Killed an acid blob
 28540 | Lair:6   | Killed an acid blob
 28948 | Orc:1    | Entered Level 1 of the Orcish Mines
 28948 | Orc:1    | Noticed an orc warlord
 28966 | D:9      | Killed an orc warlord
 29325 | Orc:2    | Entered Level 2 of the Orcish Mines
 29444 | Orc:2    | Found a staircase to the Elven Halls.
 29454 | Orc:2    | Found Ucrywkaar's Magic Scroll Shop.
 29457 | Orc:2    | Found Plog's Food Boutique.
 29511 | Orc:2    | Received a gift from Okawaru
 29511 | Orc:2    | Reached skill level 10 in Invocations
 29728 | Orc:2    | Bought a scroll of identify for 30 gold pieces
 29728 | Orc:2    | Bought a scroll of identify for 30 gold pieces
 30581 | Orc:2    | Received a gift from Okawaru
 30594 | Orc:2    | Found Femouczo's Gadget Shoppe.
 30594 | Orc:2    | Found Jutrox's Antique Armour Emporium.
 30595 | Orc:2    | Found a one-way gate leading to the halls of Pandemonium.
 30605 | Orc:2    | Got a faintly humming hat {god gift}
 30611 | Orc:2    | Identified the +0 hat of Marbles {rF+} (Okawaru gifted it
                  | to you on level 2 of the Orcish Mines)
 30877 | Elf:1    | Entered Level 1 of the Elven Halls
 30894 | Orc:2    | Reached skill level 1 in Evocations
 30907 | Orc:2    | Reached XP level 16. HP: 93/146 MP: 23/23
 31986 | Elf:1    | Noticed Nikola
 31988 | Elf:1    | Reached skill level 5 in Evocations
 32004 | Elf:1    | Killed Nikola
 32046 | Elf:1    | Found Unekk's Jewellery Shop.
 32049 | Elf:1    | Found Moiny's Armour Boutique.
 32049 | Elf:1    | Found Leikhlon's Jewellery Shop.
 32058 | Elf:1    | Found Teti's Gadget Boutique.
 32604 | Elf:2    | Found a magical portal.
 32621 | WizLab   | Entered The Roulette of Golubria
 32621 | WizLab   | Found a transporter.
 32636 | WizLab   | Found a corrupted altar of Lugonu.
 32642 | WizLab   | Reached skill level 19 in Shields
 32696 | WizLab   | Found a transporter.
 32696 | WizLab   | Found a transporter.
 32723 | WizLab   | Found a transporter.
 32727 | WizLab   | Found a transporter.
 32738 | WizLab   | Found a transporter.
 32813 | WizLab   | Found a corrupted altar of Lugonu.
 32859 | WizLab   | Found a transporter.
 32894 | WizLab   | Found a transporter.
 32929 | WizLab   | Found a corrupted altar of Lugonu.
 33047 | WizLab   | Found a transporter.
 33121 | WizLab   | Noticed a tentacled starspawn
 33163 | WizLab   | Found a transporter.
 33197 | WizLab   | Found a transporter.
 33197 | WizLab   | Found a transporter.
 33205 | WizLab   | Killed a tentacled starspawn
 33223 | WizLab   | Received a gift from Okawaru
 33232 | WizLab   | Got a pair of jewelled gloves {god gift}
 33243 | WizLab   | Identified the +1 pair of gloves of Qigreg {Int+7} (Okawaru
                  | gifted it to you in a wizard's laboratory)
 33259 | WizLab   | Noticed a tentacled starspawn
 33259 | WizLab   | Found a transporter.
 33259 | WizLab   | Found a transporter.
 33269 | WizLab   | Killed a tentacled starspawn
 33306 | WizLab   | Found a transporter.
 33396 | WizLab   | Got a pitted cloak
 33397 | WizLab   | Identified the +1 cloak of the Barnacle {MR+} (You found it
                  | in a wizard's laboratory)
 33409 | WizLab   | Got a twisted cloak
 33410 | WizLab   | Identified the +4 cloak of Daffodils {Slay+2} (You found it
                  | in a wizard's laboratory)
 33432 | WizLab   | Identified Sif Muna's Incunabulum of the Voyage
 33437 | WizLab   | Noticed a tentacled starspawn
 33437 | WizLab   | Found a transporter.
 33446 | WizLab   | Killed a tentacled starspawn
 33446 | WizLab   | Reached skill level 20 in Shields
 33459 | WizLab   | Identified Golubria's Tome of Orientation
 33463 | WizLab   | Learned a level 1 spell: Apportation
 33468 | WizLab   | Found a transporter.
 33468 | WizLab   | Found a transporter.
 34114 | Elf:2    | Reached skill level 21 in Shields
 34277 | Elf:2    | Received a gift from Okawaru
 34347 | Elf:2    | Found a deep blue altar of Sif Muna.
 34396 | Elf:2    | Found a huge runed translucent gate.
 34396 | Elf:2    | Found a huge runed translucent gate.
 34396 | Elf:2    | Found a huge runed translucent gate.
 34396 | Elf:2    | Found a huge runed translucent gate.
 34396 | Elf:2    | Found a huge runed translucent gate.
 34551 | Elf:2    | Received a gift from Okawaru
 34555 | Elf:2    | Reached XP level 17. HP: 120/152 MP: 24/24
 36261 | Elf:2    | HP: 6/152 [+1 long sword of electrocution (11)]
 36269 | Elf:2    | Slain by a +1 long sword of electrocution

Skill      XL: |  1  2  3  4  5  6  7  8  9 10 11 12 13 14 15 16 |
---------------+-------------------------------------------------+-----
Axes           | 3 4 5 6 7 9 13 16 | 16.2
Fighting       | 4 8 10 14 | 14.1
Shields        | 9 12 14 18 21 | 21.9
Armour         | 6 8 |  8.0
Dodging        | 8 10 | 10.1
Invocations    | 11 | 11.4
Evocations     | 1 5 |  5.0

Action                   |  1- 3 |  4- 6 |  7- 9 | 10-12 | 13-15 | 16-18 || total
-------------------------+-------+-------+-------+-------+-------+-------++-------
Melee: War axe           |    91 |   157 |   265 |   664 |  1402 |   622 ||  3201
       Headbutt          |    11 |    18 |    68 |   178 |   446 |   190 ||   911
       Flail             |       |       |       |       |    32 |       ||    32
Throw: Javelin           |       |       |       |       |     1 |       ||     1
Invok: Heroism           |       |       |       |     4 |     3 |     1 ||     8
       Finesse           |       |       |       |       |       |     1 ||     1
Evoke: Wand              |       |       |     9 |    15 |    23 |       ||    47
       Lightning rod     |       |       |       |     5 |     3 |       ||     8
       Lamp of fire      |       |       |       |       |     2 |     1 ||     3
  Use: Scroll            |       |    14 |     5 |    16 |    27 |     8 ||    70
       Potion            |       |     1 |     6 |     9 |     8 |    12 ||    36
 Stab: Paralysed         |       |       |       |     9 |       |       ||     9
       Distracted        |       |       |       |       |       |     1 ||     1
  Eat: Ration            |       |     3 |     5 |     8 |    14 |     6 ||    36
       Chunk             |       |       |       |     1 |     2 |       ||     3
Armor: Scale mail        |    40 |    58 |    81 |    24 |       |       ||   203
       Chain mail        |       |       |       |   102 |       |       ||   102
       Plate armour      |       |       |       |   116 |   391 |   106 ||   613
Dodge: Dodged            |    23 |    52 |    91 |   292 |   493 |   138 ||  1089
       Deflected         |       |       |       |       |     1 |       ||     1
Block: Shield            |    42 |    94 |   158 |   454 |  1097 |   446 ||  2291
